 Dungeon Crawl Stone Soup version 0.32-a0-675-gdc239d62e1 (webtiles) character file.

Game seed: 11161990690821190398

93 mopl the Sneak (level 4, -6/21 HPs)
             Began as a Vine Stalker Enchanter on Mar 11, 2024.
             Mangled by an iguana (11 damage)
             ... on level 3 of the Dungeon.
             The game lasted 00:02:11 (1461 turns).

mopl the Sneak (Vine Stalker Enchanter)             Turns: 1461, Time: 00:02:12

Health: -6/21      AC:  2    Str: 11    XL:     4   Next: 61%
Magic:  0/9        EV: 12    Int: 17    God:
Gold:   74         SH:  0    Dex: 14    Spells: 1/9 levels left

rFire   . . .        a - +1 dagger
rCold   . . .        (no shield)
rNeg    . . .        b - +0 robe
rPois   .            (no helmet)
rElec   .            (no cloak)
rCorr   .            (no gloves)
SInv    .            (no boots)
Will    .....        (no amulet)
Stlth   +++          (no ring)
HPRegen 1.03/turn    (no ring)
MPRegen 0.11/turn

%: guardian spirit
@: very slightly contaminated
A: fangs 2, regeneration 1, magic shield, antimagic bite, no potion heal 2
a: no special abilities


You were on level 3 of the Dungeon.
You visited 1 branch of the dungeon, and saw 3 of its levels.

You collected 74 gold pieces.

Inventory:

Hand Weapons
 a - a +1 dagger (weapon)
Missiles
 i - 4 poisoned darts
Armour
 b - a +0 robe (worn)
Scrolls
 d - a scroll of summoning {unknown}
 e - a scroll of fog {unknown}
 f - a scroll of noise {unknown}
 g - 5 scrolls of identify {unknown}
 h - a scroll of revelation {unknown}
 l - a scroll of enchant armour {unknown}
 n - a scroll of blinking {unknown}
Potions
 c - 2 potions of invisibility
 j - 2 potions of enlightenment {unknown}
 k - a potion of lignification {unknown}
 m - 2 potions of curing {unknown}
 o - a potion of brilliance {unknown}


   Skills:
 + Level 1.6 Short Blades
 - Level 1.5 Dodging
 * Level 4.8 Stealth
 * Level 3.0 Spellcasting
 * Level 3.7 Hexes


You had one spell level left.
You knew the following spells:

 Your Spells              Type           Power      Damage    Failure   Level
b - Ensorcelled Hibernat  Hex/Ice        16%        N/A       12%         2
c - Confusing Touch       Hex            15%        N/A       11%         3
d - Tukima's Dance        Hex            15%        N/A       11%         3

Your spell library contained the following spells:

 Spells                   Type           Power      Damage    Failure   Level
 Dazzling Flash           Conj/Hex       16%        N/A       24%         3
 Static Discharge         Conj/Air       4%         3-4/arc   26%         2
 Airstrike                Air            1%         2d(1-17)  86%         4
 Summon Lightning Spire   Summ/Air       2%         N/A       86%         4


Dungeon Overview and Level Annotations

Branches:
Dungeon (3/15)

Altars:


Innate Abilities, Weirdness & Mutations

You have extremely sharp teeth.
Your natural rate of healing is unusually fast.
When hurt, damage is shared between your health and your magic reserves.
Your bite disrupts and absorbs the magic of your enemies.
Potions cannot restore your health.


Message History

You miscast Ensorcelled Hibernation.
You are very lightly contaminated with residual magic.
Nothing appears to happen.
The iguana closely misses you.
You miscast Ensorcelled Hibernation.
Nothing appears to happen.
The iguana bites you!
Ouch! That really hurt!
You are too injured to fight recklessly!
You are too injured to fight recklessly!
You are too injured to fight recklessly!
You are too injured to fight recklessly!
You closely miss the iguana. The iguana misses you.
You hit the iguana but do no damage. You bite the iguana. You drain its power.
You feel invigorated.
The iguana is lightly wounded.
The iguana misses you.
You hit the iguana.
The iguana is moderately wounded.
The iguana bites you but does no damage.
Casting: Ensorcelled Hibernation (safe; 12% risk of failure)
Confirm with . or Enter, or press ? or * to list all spells.
Aiming: Ensorcelled Hibernation (safe; 12% risk of failure)
Press: ? - help, Shift-Dir - straight line, f/p - iguana
Aim: an iguana (moderately wounded, chance to affect: 50%)
The iguana resists with some effort.
The iguana barely misses you.
Unknown command.
You barely miss the iguana. You bite the iguana, but do no damage.
The iguana is moderately wounded.
The iguana barely misses you.
You hit the iguana but do no damage.
The iguana is moderately wounded.
The iguana bites you.
You hit the iguana but do no damage. Your bite misses the iguana.
The iguana is moderately wounded.
The iguana bites you!
* * * LOW HITPOINT WARNING * * *
You closely miss the iguana.
The iguana is moderately wounded.
The iguana bites you!
Ouch! That really hurt!
You die...

....###.##.###.####.#
....# #.##.###.# #
....###.##.#...# .#
.........#.#...# .# #
.....#####.#...####.###.#
##.#.# #.#............#
...# #.#...?.........
..(# #..#.........# ...#
#..#.@.......# .###
#..#!l.......# .###
#..#.........# ...#
#..........$.# ..##
######(##### ..... ..
...... ... ###### ..#
.....


You could see an iguana.

Vanquished Creatures
  An orc priest (D:3)
  4 dart slugs
  A ribbon worm (D:2)
  3 orcs (D:3)
  2 ball pythons
  6 bats
  2 endoplasms
  A giant cockroach (D:1)
  6 goblins
  5 hobgoblins
  10 kobolds
  4 quokkas
  A frilled lizard (D:1)
  2 rats
48 creatures vanquished.

Notes
Turn   | Place    | Note
-------+----------+-------------------------------------------
     0 | D:1      | mopl the Vine Stalker Enchanter began the quest for the
                  | Orb.
     0 | D:1      | Reached XP level 1. HP: 9/9 MP: 4/4
    76 | D:1      | Reached skill level 1 in Short Blades
   116 | D:1      | Reached XP level 2. HP: 13/13 MP: 3/6
   128 | D:1      | Learned a level 2 spell: Ensorcelled Hibernation
   184 | D:1      | Reached skill level 4 in Stealth
   237 | D:1      | Found a faded altar of an unknown god.
   302 | D:1      | Reached XP level 3. HP: 16/16 MP: 7/7
   306 | D:1      | Learned a level 3 spell: Confusing Touch
   391 | D:1      | You fall into a shaft and drop 1 floor!
  1288 | D:3      | Reached XP level 4. HP: 21/21 MP: 9/9
  1292 | D:3      | Learned a level 3 spell: Tukima's Dance
  1403 | D:3      | Reached skill level 3 in Spellcasting
  1461 | D:3      | Mangled by an iguana

Illustrated notes

Levels and vault maps discovered:
D:1:      tarquinn_simple_flora_water_f, layout_basic,
          shapermc_ecumenical_altar_mp_ritualfount,
          hangedman_abyss_or_decor_stabs, kennysheep_small_spiral,
          minmay_3d_cube
D:2:      layout_basic
D:3:      layout_basic, chequers_serial_rivers_large_a

Skill      XL: |  1  2  3  4 |
---------------+-------------+-----
Short Blades   | 1 |  1.6
Stealth        | 4 |  4.8
Spellcasting   | 3 |  3.0
Dodging        | |  1.5
Hexes          | |  3.7

Action                     |  1- 3 |  4- 6 || total
---------------------------+-------+-------++-------
  Melee: Dagger            |   125 |    18 ||   143
         Bite              |    26 |     3 ||    29
   Cast: Ensorcelled Hiber |     4 |     4 ||     8
   Stab: Sleeping          |    14 |     2 ||    16
         Distracted        |       |     1 ||     1
 Armour: Robe              |    55 |    10 ||    65
  Dodge: Dodged            |    62 |    12 ||    74

Table legend: (Time is in decaauts)
 A = Elapsed time spent in this place.
 B = Non-inter-level travel time spent in this place.
 C = Inter-level travel time spent in this place.
 D = Time resting spent in this place.
 E = Time spent auto-exploring this place.
 F = Levels seen in this place.
 G = Mean time per level.
                   A        B        C        D        E       F      G
               +--------+--------+--------+--------+--------+-----+--------+
         Total |   1461 |   1394 |     67 |      0 |   1016 |   3 |  487.0 |
       Dungeon |   1461 |   1394 |     67 |      0 |   1016 |   3 |  487.0 |
               +--------+--------+--------+--------+--------+-----+--------+

Top non-repeatable levels by time:
     D:1: 741 daAuts
     D:2: 486 daAuts
     D:3: 233 daAuts
